 Dungeon Crawl Stone Soup version 0.28-a0-643-g84cb2ea78e (webtiles) character file.

Game seed: 17343706456481823433

84 Sabo the Shield-Bearer (level 4, -5/37 HPs)
             Began as a Formicid Fighter on Oct 10, 2021.
             Slain by a worm (8 damage)
             ... on level 2 of the Dungeon.
             The game lasted 00:06:46 (1731 turns).

Sabo the Shield-Bearer (Formicid Fighter)           Turns: 1731, Time: 00:06:46

Health: -5/37      AC:  7    Str: 21    XL:     4   Next: 74%
Magic:  4/4        EV:  9    Int:  8    God:
Gold:   56         SH:  4    Dex: 10    Spells: 3/3 levels left

rFire   . . .      SeeInvis +   a - +0 quarterstaff
rCold   . . .      Faith    .   c - +0 buckler
rNeg    . . .      Spirit   .   b - +0 scale mail
rPois   .          Reflect  .   (helmet unavailable)
rElec   .          Harm     .   (no cloak)
rCorr   .          Rampage  .   (no gloves)
Will    .....                   (no boots)
Stlth   ..........              (no amulet)
HPRegen 0.12/turn               (no ring)
MPRegen 0.09/turn               (no ring)

@: no status effects
A: permanent stasis, dig shafts and tunnels, antennae 3, four strong arms
a: Dig, Shaft Self


You were on level 2 of the Dungeon.
You visited 1 branch of the dungeon, and saw 2 of its levels.

You collected 56 gold pieces.

Inventory:

Hand Weapons
 a - a +0 quarterstaff (weapon)
Missiles
 e - 30 sling bullets
 f - 19 arrows
Armour
 b - a +0 scale mail (worn)
 c - a +0 buckler (worn)
Scrolls
 h - a scroll of enchant weapon {unknown}
 j - a scroll of torment {unknown}
 k - a scroll of brand weapon {unknown}
Potions
 d - 3 potions of might
 g - a potion of heal wounds {unknown}
 i - 2 potions of haste {unknown}


   Skills:
 + Level 3.7 Fighting
 + Level 3.2 Staves
 + Level 4.0 Armour
 + Level 0.2 Dodging
 + Level 0.8 Stealth
 + Level 4.0 Shields


You had 3 spell levels left.
You didn't know any spells.
Your spell library contained the following spells:

 Spells                   Type           Power      Damage    Failure   Level
 Magic Dart               Conj           0%         1d3       75%         1
 Call Imp                 Summ           0%         N/A       86%         2
 Mephitic Cloud           Conj/Pois/Air  0%         N/A       98%         3


Dungeon Overview and Level Annotations

Branches:
Dungeon (2/15)

Altars:

Shops:
D:2 (


Innate Abilities, Weirdness & Mutations

You cannot be hasted, slowed, berserked, paralysed or teleported.
You can dig through walls and to a lower floor.
You have a pair of large antennae on your head. (SInv)
Your four strong arms can wield two-handed weapons with a shield.


Message History

You closely miss the kobold.
The hobgoblin shouts!
You block the kobold's attack. The kobold hits you with a +0 dagger.
You hit the kobold but do no damage. The worm bites you.
You block the kobold's attack.
You hit the kobold.
The kobold is severely wounded.
The kobold hits you with a +0 dagger. The worm bites you!
You closely miss the kobold.
The kobold is severely wounded.
The kobold hits you but does no damage.
You closely miss the kobold.
The kobold is severely wounded.
You block the kobold's attack. The worm bites you but does no damage.
You hit the kobold.
You kill the kobold!
You block the ball python's attack. The ball python grabs you.
The ball python constricts you. The worm bites you but does no damage.
You closely miss the ball python.
The ball python bites you but does no damage.
The ball python constricts you.
You hit the ball python.
You kill the ball python!
The worm bites you but does no damage.
You closely miss the hobgoblin. You block the hobgoblin's attack.
The worm bites you.
You completely miss the hobgoblin. The hobgoblin hits you. The worm bites you!
* * * LOW HITPOINT WARNING * * *
You barely miss the hobgoblin. The hobgoblin closely misses you.
You hit the hobgoblin but do no damage. The hobgoblin closely misses you.
The worm closely misses you.
You sock the hobgoblin!
You kill the hobgoblin!
You block the worm's attack.
You hit the worm.
The worm is moderately wounded.
You thump the worm!
The worm is almost dead.
The worm bites you!
You die...

##.....##...........
##8.8##..####......
##'##.....##......
#.#............#.
#...##...........
###.#............
####.#.###........
#......###......#.
#@######........#
#w)# #..#...#...
#.... ######.##..
#...... #.# #.
#....... #.# #
##$....>. #..
#........ ..........


You could see a worm.

Vanquished Creatures
  An iguana (D:2)
  An adder (D:2)
  A worm (D:2)
  3 dart slugs (D:1)
  A bat (D:2)
  5 endoplasms
  A giant cockroach (D:1)
  3 goblins
  5 hobgoblins
  3 jackals (D:1)
  2 quokkas (D:2)
  3 ball pythons
  2 frilled lizards
  4 kobolds
  3 rats
38 creatures vanquished.

Notes
Turn   | Place    | Note
-------+----------+-------------------------------------------
     0 | D:1      | Sabo the Formicid Fighter began the quest for the Orb.
     0 | D:1      | Reached XP level 1. HP: 18/18 MP: 1/1
    87 | D:1      | Reached XP level 2. HP: 15/24 MP: 2/2
   856 | D:1      | Reached XP level 3. HP: 25/29 MP: 3/3
  1304 | D:2      | Found Jiket's Weapon Shop.
  1315 | D:2      | Reached XP level 4. HP: 34/37 MP: 4/4
  1731 | D:2      | Slain by a worm

Illustrated notes

Levels and vault maps discovered:
D:1:      dpeg_arrival_more_subterranean_lakeside_camping, layout_basic
D:2:      layout_rooms, serial_shops, shop, dk_noncrumbling_4, st_stairs_5,
          minmay_misc_feat_tower

Skill      XL: |  1  2  3  4 |
---------------+-------------+-----
Armour         | 4 |  4.0
Shields        | 4 |  4.0
Staves         | 3 |  3.2
Fighting       | |  3.7
Dodging        | |  0.2
Stealth        | |  0.8

Action                   |  1- 3 |  4- 6 || total
-------------------------+-------+-------++-------
Melee: Quarterstaff      |    61 |    59 ||   120
 Abil: Dig               |     4 |       ||     4
Armor: Scale mail        |    27 |    17 ||    44
Dodge: Dodged            |    26 |    27 ||    53
Block: Buckler           |     7 |    12 ||    19

Table legend: (Time is in decaauts)
 A = Elapsed time spent in this place.
 B = Non-inter-level travel time spent in this place.
 C = Inter-level travel time spent in this place.
 D = Time resting spent in this place.
 E = Time spent auto-exploring this place.
 F = Levels seen in this place.
 G = Mean time per level.
                   A        B        C        D        E       F      G
               +--------+--------+--------+--------+--------+-----+--------+
         Total |   1773 |   1773 |      0 |    500 |      0 |   2 |  886.5 |
       Dungeon |   1773 |   1773 |      0 |    500 |      0 |   2 |  886.5 |
               +--------+--------+--------+--------+--------+-----+--------+

Top non-repeatable levels by time:
     D:1: 1331 daAuts
     D:2: 441 daAuts
